General information
- name: BNet
- type: Ladder team game (AT/RT)
- host: Battle.net
- saver: AToastToMisery
map: Deathknell
- players: 8
- length: 39:53
- speed: Fast
- version: 1.26 W3XP
- replay type: Public
» download(202 KB)
Players
team 1 (winner)
raised2pwn (
orange | 38 APM | 813 actions | 21:20)
4 Priestess of the Moon
2 Searing Arrows
2 Trueshot Aura
» actions
| Basic commands | 48 | |
| Build / train | 57 | |
| ESC pressed | 4 | |
| Enter build submenu | 20 | |
| Enter hero's abilities submenu | 4 | |
| Right click | 326 | |
| Select / deselect | 323 | |
| Use ability | 31 | |
813 total
» units
| Wisp | 21 | |
| Archer | 6 | |
| Hippogryph | 3 | |
| Chimaera | 10 | |
40 total
» upgrades
| Ultravision | 1 | |
| Strength of the Wild | 3 | |
| Reinforced Hides | 2 | |
| Well Spring | 1 | |
| Nature's Blessing | 1 | |
| Corrosive Breath | 1 | |
9 total
» buildings
| Moon Well | 9 | |
| Altar of Elders | 1 | |
| Ancient of War | 1 | |
| Hunter's Hall | 1 | |
| Ancient of Wonders | 1 | |
| Tree of Ages | 1 | |
| Tree of Eternity | 1 | |
| Ancient of Wind | 1 | |
| Chimaera Roost | 3 | |
| Tree of Life | 1 | |
20 total
» build order
00:21 Moon Well
00:36 Altar of Elders
01:15 Moon Well
01:41 Ancient of War
02:08 Moon Well
02:58 Hunter's Hall
03:04 Ancient of Wonders
03:09 Tree of Ages
04:04 Moon Well
06:03 Moon Well
06:14 Moon Well
06:46 Tree of Eternity
06:57 Ancient of Wind
09:27 Chimaera Roost
09:39 Chimaera Roost
09:52 Chimaera Roost
10:22 Moon Well
13:19 Tree of Life
14:15 Moon Well
15:29 Moon Well
» items
AToastToMisery (
yellow | 95 APM | 3804 actions | 39:53)
9 Archmage
3 Summon Water Elemental
3 Brilliance Aura
1 Mass Teleport
2 Blizzard
» actions
| Assign group hotkey | 96 | |
| Basic commands | 203 | |
| Build / train | 249 | |
| ESC pressed | 12 | |
| Enter build submenu | 97 | |
| Enter hero's abilities submenu | 9 | |
| Give item / drop item | 7 | |
| Remove unit from queue | 1 | |
| Right click | 1153 | |
| Select / deselect | 573 | |
| Select group hotkey | 1116 | |
| Use ability | 288 | |
3804 total
» units
| Peasant | 16 | |
| Footman | 6 | |
| Goblin Shredder | 4 | |
| Goblin Zeppelin | 8 | |
| Gryphon Rider | 10 | |
| Goblin Sapper | 6 | |
50 total
» upgrades
| Masonry | 3 | |
| Defend | 1 | |
| Swords | 3 | |
| Lumber Harvesting | 2 | |
| Animal War Training | 1 | |
| Cloud | 1 | |
| Storm Hammers | 1 | |
| Armor | 3 | |
| Backpack | 1 | |
| Gunpowder | 3 | |
| Plating | 3 | |
| Magic Sentry | 1 | |
| Long Rifles | 1 | |
| Sorceress Training | 2 | |
| Priest Training | 2 | |
| Control Magic | 1 | |
29 total
» buildings
| Barracks | 1 | |
| Altar of Kings | 1 | |
| Farm | 8 | |
| Lumber Mill | 1 | |
| Arcane Vault | 1 | |
| Town Hall | 4 | |
| Keep | 4 | |
| Blacksmith | 1 | |
| Scout Tower | 53 | |
| Arcane Tower | 9 | |
| Guard Tower | 68 | |
| Castle | 4 | |
| Gryphon Aviary | 7 | |
| Spirit Tower | 8 | |
| Nerubian Tower | 3 | |
| Ziggurat | 5 | |
| Arcane Sanctum | 1 | |
179 total
» build order
00:51 Barracks
00:53 Altar of Kings
00:58 Farm
01:29 Farm
02:01 Lumber Mill
02:15 Farm
02:30 Arcane Vault
02:49 Farm
03:41 Farm
04:19 Town Hall
06:25 Keep
06:26 Keep
06:31 Blacksmith
06:36 Farm
06:41 Scout Tower
06:46 Scout Tower
06:48 Scout Tower
07:21 Arcane Tower
07:22 Guard Tower
07:22 Guard Tower
07:52 Arcane Tower
07:52 Arcane Tower
08:48 Farm
10:44 Guard Tower
10:45 Guard Tower
10:45 Castle
10:45 Castle
10:45 Castle
11:25 Gryphon Aviary
11:27 Gryphon Aviary
11:30 Gryphon Aviary
11:33 Gryphon Aviary
11:34 Gryphon Aviary
11:37 Gryphon Aviary
11:38 Gryphon Aviary
11:53 Scout Tower
11:57 Scout Tower
11:59 Scout Tower
12:11 Scout Tower
12:13 Scout Tower
12:14 Scout Tower
13:43 Guard Tower
13:43 Guard Tower
13:56 Scout Tower
13:57 Scout Tower
13:58 Scout Tower
14:00 Scout Tower
14:00 Scout Tower
14:04 Scout Tower
14:09 Scout Tower
14:14 Scout Tower
14:34 Guard Tower
14:34 Guard Tower
14:35 Guard Tower
15:08 Guard Tower
15:08 Guard Tower
15:08 Guard Tower
15:09 Guard Tower
15:35 Guard Tower
15:35 Guard Tower
15:36 Guard Tower
15:49 Scout Tower
15:50 Scout Tower
15:54 Guard Tower
15:55 Guard Tower
18:41 Guard Tower
20:11 Guard Tower
20:16 Guard Tower
20:16 Guard Tower
20:34 Scout Tower
20:34 Scout Tower
20:35 Scout Tower
20:35 Scout Tower
20:35 Scout Tower
20:36 Scout Tower
20:36 Scout Tower
20:37 Scout Tower
20:40 Scout Tower
20:41 Scout Tower
20:43 Scout Tower
20:44 Scout Tower
20:44 Scout Tower
20:44 Scout Tower
20:46 Scout Tower
21:15 Guard Tower
21:15 Guard Tower
21:16 Guard Tower
21:27 Guard Tower
21:27 Guard Tower
21:27 Guard Tower
21:38 Guard Tower
21:38 Guard Tower
21:38 Guard Tower
21:42 Spirit Tower
21:42 Spirit Tower
21:47 Nerubian Tower
21:52 Ziggurat
21:53 Ziggurat
21:59 Ziggurat
22:08 Scout Tower
22:09 Scout Tower
22:10 Scout Tower
22:12 Scout Tower
22:12 Scout Tower
22:14 Scout Tower
22:40 Guard Tower
22:40 Guard Tower
22:41 Guard Tower
22:41 Guard Tower
22:46 Ziggurat
22:47 Ziggurat
22:47 Spirit Tower
22:47 Spirit Tower
23:12 Guard Tower
23:12 Guard Tower
23:23 Spirit Tower
25:51 Scout Tower
25:52 Scout Tower
25:53 Scout Tower
25:54 Scout Tower
25:57 Scout Tower
25:58 Scout Tower
26:31 Scout Tower
26:32 Scout Tower
26:32 Scout Tower
26:34 Scout Tower
26:36 Scout Tower
26:37 Scout Tower
26:45 Town Hall
26:46 Guard Tower
26:47 Guard Tower
26:47 Guard Tower
26:52 Guard Tower
26:52 Guard Tower
26:52 Guard Tower
26:52 Guard Tower
26:53 Guard Tower
27:27 Guard Tower
27:27 Guard Tower
27:37 Scout Tower
28:13 Arcane Tower
28:13 Arcane Tower
28:14 Arcane Tower
28:36 Town Hall
29:03 Arcane Sanctum
30:16 Town Hall
32:50 Spirit Tower
32:53 Nerubian Tower
32:54 Nerubian Tower
35:52 Farm
» items
| Scroll of Regeneration | 7 | |
| Mechanical Critter | 2 | |
| Scroll of Town Portal | 5 | |
| Ivory Tower | 11 | |
| Staff of Sanctuary | 1 | |
| Potion of Healing | 3 | |
| Orb of Fire | 1 | |
| Orb of Venom | 1 | |
31 total

»
Blacknights (
teal | 24 APM | 506 actions | 20:44)
4 Dreadlord
2 Sleep
1 Carrion Swarm
1 Vampiric Aura
2 Death Knight
1 Death Coil
1 Unholy Aura
» actions
| Basic commands | 56 | |
| Build / train | 72 | |
| Enter build submenu | 22 | |
| Enter hero's abilities submenu | 6 | |
| Remove unit from queue | 1 | |
| Right click | 93 | |
| Select / deselect | 224 | |
| Use ability | 32 | |
506 total
» units
| Acolyte | 19 | |
| Ghoul | 9 | |
| Gargoyle | 20 | |
| Goblin Shredder | 1 | |
| Frost Wyrm | 1 | |
50 total
» upgrades
| Cannibalize | 1 | |
| Unholy Strength | 2 | |
| Unholy Armor | 2 | |
| Creature Attack | 2 | |
| Creature Carapace | 2 | |
| Freezing Breath | 1 | |
10 total
» buildings
| Crypt | 4 | |
| Ziggurat | 9 | |
| Altar of Darkness | 1 | |
| Graveyard | 1 | |
| Tomb of Relics | 1 | |
| Halls of the Dead | 1 | |
| Black Citadel | 1 | |
| Sacrificial Pit | 1 | |
| Boneyard | 2 | |
21 total
» build order
00:18 Crypt
00:29 Ziggurat
00:45 Altar of Darkness
01:08 Crypt
01:41 Graveyard
02:09 Ziggurat
02:37 Ziggurat
02:51 Tomb of Relics
05:30 Ziggurat
05:37 Ziggurat
06:50 Halls of the Dead
07:02 Ziggurat
07:14 Ziggurat
07:17 Ziggurat
07:21 Ziggurat
08:15 Crypt
08:19 Crypt
09:11 Black Citadel
09:51 Sacrificial Pit
14:07 Boneyard
17:02 Boneyard
» items
One_Piece_Robin (
green | 27 APM | 583 actions | 21:24)
3 Demon Hunter
2 Immolation
1 Evasion
» actions
| Basic commands | 10 | |
| Build / train | 68 | |
| Enter build submenu | 16 | |
| Enter hero's abilities submenu | 3 | |
| Remove unit from queue | 2 | |
| Right click | 182 | |
| Select / deselect | 260 | |
| Use ability | 42 | |
583 total
» units
| Wisp | 20 | |
| Archer | 20 | |
| Hippogryph | 9 | |
49 total
» upgrades
| Strength of the Moon | 2 | |
| Moon Armor | 2 | |
| Strength of the Wild | 2 | |
| Hippogryph Taming | 1 | |
| Reinforced Hides | 3 | |
10 total
» buildings
| Altar of Elders | 1 | |
| Ancient of War | 2 | |
| Moon Well | 5 | |
| Hunter's Hall | 1 | |
| Ancient of Wonders | 1 | |
| Tree of Ages | 1 | |
| Tree of Life | 1 | |
| Ancient of Wind | 3 | |
15 total
» build order
00:19 Altar of Elders
00:33 Ancient of War
00:38 Moon Well
02:13 Ancient of War
02:22 Moon Well
03:01 Hunter's Hall
03:27 Ancient of Wonders
04:49 Tree of Ages
05:04 Moon Well
06:26 Tree of Life
07:21 Ancient of Wind
07:28 Ancient of Wind
08:37 Ancient of Wind
09:53 Moon Well
12:24 Moon Well
» items
team 2 (loser)

»
jakovia (
purple | 44 APM | 1175 actions | 26:35)
8 Archmage
1 Blizzard
3 Summon Water Elemental
3 Brilliance Aura
1 Mass Teleport
» actions
| Assign group hotkey | 24 | |
| Basic commands | 1 | |
| Build / train | 67 | |
| ESC pressed | 1 | |
| Enter build submenu | 25 | |
| Enter hero's abilities submenu | 8 | |
| Right click | 288 | |
| Select / deselect | 302 | |
| Select group hotkey | 388 | |
| Use ability | 71 | |
1175 total
» units
| Peasant | 12 | |
| Rifleman | 23 | |
| Dragonhawk Rider | 6 | |
41 total
» upgrades
| Gunpowder | 3 | |
| Armor | 3 | |
| Long Rifles | 1 | |
| Cloud | 1 | |
| Lumber Harvesting | 2 | |
10 total
» buildings
| Altar of Kings | 1 | |
| Barracks | 1 | |
| Farm | 12 | |
| Lumber Mill | 1 | |
| Blacksmith | 2 | |
| Scout Tower | 2 | |
| Arcane Tower | 1 | |
| Keep | 1 | |
| Guard Tower | 1 | |
| Town Hall | 3 | |
| Arcane Vault | 1 | |
| Gryphon Aviary | 1 | |
| Castle | 1 | |
28 total
» build order
00:17 Altar of Kings
00:21 Barracks
00:24 Farm
01:06 Farm
01:40 Lumber Mill
01:47 Farm
02:30 Blacksmith
02:52 Blacksmith
03:02 Farm
03:10 Scout Tower
03:52 Arcane Tower
04:22 Keep
04:44 Scout Tower
05:13 Guard Tower
05:19 Farm
07:37 Town Hall
07:47 Arcane Vault
07:58 Gryphon Aviary
10:12 Town Hall
10:22 Castle
12:37 Farm
13:59 Farm
16:27 Farm
16:30 Farm
18:00 Farm
18:02 Farm
20:11 Farm
22:22 Town Hall
» items
| Scroll of Regeneration | 2 | |
| Potion of Healing | 1 | |
3 total
TGKAA (
red | 50 APM | 1311 actions | 26:02)
5 Tauren Chieftain
2 War Stomp
3 Endurance Aura
5 Far Seer
1 Feral Spirit
3 Chain Lighting
1 Far Sight
» actions
| Assign group hotkey | 30 | |
| Basic commands | 27 | |
| Build / train | 119 | |
| Enter build submenu | 12 | |
| Enter hero's abilities submenu | 10 | |
| Remove unit from queue | 4 | |
| Right click | 665 | |
| Select / deselect | 317 | |
| Select group hotkey | 32 | |
| Use ability | 95 | |
1311 total
» units
| Peon | 21 | |
| Troll Headhunter/Berserker | 29 | |
| Shaman | 8 | |
| Troll Witch Doctor | 10 | |
| Demolisher | 2 | |
70 total
» upgrades
| Ranged Weapons | 3 | |
| Troll Regeneration | 1 | |
| Armor | 3 | |
| Shaman Training | 2 | |
| Berserker Upgrade | 1 | |
| Witch Doctor Training | 2 | |
| Spiked Barricades | 1 | |
| Reinforced Defenses | 1 | |
| Burning Oil | 1 | |
15 total
» buildings
| Orc Burrow | 6 | |
| Altar of Storms | 1 | |
| War Mill | 1 | |
| Barracks | 1 | |
| Voodoo Lounge | 1 | |
| Stronghold | 1 | |
| Fortress | 1 | |
| Spirit Lodge | 1 | |
| Great Hall | 1 | |
14 total
» build order
00:06 Orc Burrow
00:10 Altar of Storms
01:03 Orc Burrow
01:33 War Mill
02:00 Barracks
02:31 Voodoo Lounge
03:05 Stronghold
04:46 Orc Burrow
04:49 Orc Burrow
07:01 Fortress
07:46 Spirit Lodge
09:07 Orc Burrow
09:34 Great Hall
12:36 Orc Burrow
» items
| Healing Salve | 3 | |
| Lesser Clarity Potion | 2 | |
| Scroll of Speed | 2 | |
| Potion of Healing | 1 | |
| Orb of Lightning | 1 | |
| Scroll of Town Portal | 2 | |
11 total
astro-rod. (
pink | 57 APM | 2275 actions | 39:52)
6 Blademaster
3 Wind Walk
2 Critical Strike
1 Bladestorm
» actions
| Assign group hotkey | 69 | |
| Basic commands | 187 | |
| Build / train | 56 | |
| Enter build submenu | 27 | |
| Enter hero's abilities submenu | 6 | |
| Give item / drop item | 10 | |
| Remove unit from queue | 1 | |
| Right click | 849 | |
| Select / deselect | 221 | |
| Select group hotkey | 728 | |
| Use ability | 121 | |
2275 total
» units
| Peon | 11 | |
| Grunt | 4 | |
| Goblin Shredder | 2 | |
| Troll Batrider | 2 | |
| Wind Rider | 6 | |
| Goblin Sapper | 2 | |
27 total
» upgrades
| Ranged Weapons | 3 | |
| Reinforced Defenses | 1 | |
| Liquid Fire | 1 | |
| Envenomed Spears | 1 | |
| Armor | 3 | |
9 total
» buildings
| Altar of Storms | 1 | |
| Orc Burrow | 8 | |
| Barracks | 1 | |
| Voodoo Lounge | 1 | |
| Stronghold | 1 | |
| War Mill | 1 | |
| Great Hall | 1 | |
| Fortress | 2 | |
| Watch Tower | 33 | |
| Beastiary | 5 | |
54 total
» build order
00:08 Altar of Storms
00:18 Orc Burrow
00:36 Barracks
01:34 Orc Burrow
01:54 Voodoo Lounge
02:59 Stronghold
04:03 War Mill
05:00 Great Hall
05:26 Orc Burrow
06:06 Fortress
06:06 Fortress
06:54 Watch Tower
06:54 Watch Tower
06:56 Watch Tower
08:48 Watch Tower
08:49 Watch Tower
08:49 Watch Tower
08:50 Watch Tower
08:50 Watch Tower
09:43 Watch Tower
09:44 Watch Tower
09:53 Watch Tower
09:53 Watch Tower
09:53 Watch Tower
09:54 Watch Tower
09:54 Watch Tower
10:24 Beastiary
10:25 Beastiary
10:45 Orc Burrow
11:56 Beastiary
13:18 Watch Tower
13:21 Watch Tower
13:42 Orc Burrow
13:43 Orc Burrow
14:21 Beastiary
15:24 Watch Tower
15:25 Watch Tower
15:26 Watch Tower
15:26 Watch Tower
15:58 Watch Tower
17:28 Orc Burrow
17:29 Orc Burrow
20:53 Watch Tower
20:54 Watch Tower
20:54 Watch Tower
20:54 Watch Tower
20:56 Watch Tower
21:05 Beastiary
22:24 Watch Tower
22:24 Watch Tower
22:25 Watch Tower
22:25 Watch Tower
» items
| Healing Salve | 2 | |
| Orb of Lightning | 1 | |
| Lesser Clarity Potion | 2 | |
| Potion of Mana | 1 | |
| Scroll of Town Portal | 1 | |
| Tiny Great Hall | 1 | |
8 total

»
B0OT_LanDer (
blue | 27 APM | 1061 actions | 39:52)
5 Tauren Chieftain
2 War Stomp
3 Endurance Aura
4 Shadow Hunter
2 Healing Wave
2 Hex
» actions
| Build / train | 78 | |
| Enter build submenu | 27 | |
| Enter hero's abilities submenu | 9 | |
| Right click | 561 | |
| Select / deselect | 281 | |
| Use ability | 105 | |
1061 total
» units
| Peon | 17 | |
| Grunt | 2 | |
| Troll Headhunter/Berserker | 5 | |
| Wind Rider | 7 | |
| Troll Witch Doctor | 4 | |
| Shaman | 4 | |
| Raider | 4 | |
| Troll Batrider | 2 | |
45 total
» upgrades
| Melee Weapons | 1 | |
| Ranged Weapons | 1 | |
| Armor | 1 | |
| Shaman Training | 2 | |
| Witch Doctor Training | 2 | |
| Ensnare | 1 | |
| Berserker Upgrade | 1 | |
| Envenomed Spears | 1 | |
| Troll Regeneration | 1 | |
11 total
» buildings
| Orc Burrow | 9 | |
| Altar of Storms | 1 | |
| Barracks | 1 | |
| War Mill | 1 | |
| Stronghold | 1 | |
| Great Hall | 2 | |
| Watch Tower | 5 | |
| Voodoo Lounge | 2 | |
| Beastiary | 2 | |
| Spirit Lodge | 2 | |
| Fortress | 1 | |
27 total
» build order
00:14 Orc Burrow
00:40 Altar of Storms
01:19 Orc Burrow
01:30 Barracks
01:50 War Mill
02:58 Orc Burrow
04:43 Stronghold
05:54 Great Hall
06:03 Great Hall
06:09 Orc Burrow
06:11 Watch Tower
06:59 Voodoo Lounge
07:06 Beastiary
07:21 Spirit Lodge
08:01 Watch Tower
08:15 Spirit Lodge
09:15 Watch Tower
09:18 Watch Tower
09:25 Watch Tower
10:57 Fortress
13:38 Beastiary
13:44 Voodoo Lounge
14:37 Orc Burrow
14:44 Orc Burrow
18:51 Orc Burrow
22:00 Orc Burrow
22:04 Orc Burrow
» items
| Healing Salve | 2 | |
| Orb of Lightning | 1 | |
| Scroll of Speed | 2 | |
| Scroll of Town Portal | 2 | |
| Potion of Mana | 1 | |
| Potion of Healing | 1 | |
9 total
Chat log
(00:11 / All) AToastToMisery: Qualquer brasileiros aqui?
(00:22 / All) TGKAA: nao
(00:22 / All) AToastToMisery: I'm not a Brazilian just checking with my google translator so I know who is
(00:56 / Allies) Blacknights: aa
(00:58 / All) TGKAA: tu no fala portuges?
(01:38 / All) AToastToMisery:
(01:49 / All) AToastToMisery: Brasil #1
(02:01 / All) jakovia: STFU BEAN DIP
(02:11 / All) AToastToMisery: You don't like Brasil?
(02:19 / All) jakovia: i dont like aids
(02:21 / All) jakovia: no
(02:24 / All) AToastToMisery: It's the greatest country to ever exist
(03:55 / Allies) raised2pwn: what are you getting green?
(05:24 / Allies) Blacknights: expos yo
(05:29 / Allies) AToastToMisery: Got one
(10:37 / Allies) Blacknights: oj no gold
(10:53 / Allies) Blacknights: oj u suck
(11:05 / Allies) AToastToMisery: says the ud with a dl idling at a goblin laboratory
(11:10 / Allies) AToastToMisery: instead of creeping or beign active
(11:24 / Allies) Blacknights: look fuck u guys
(11:43 / Allies) AToastToMisery: You suck feel free to leave teal
(14:24 / Allies) Blacknights: mabye meet
(15:59 / Allies) raised2pwn: b
(16:48 / All) jakovia: WOW
(16:53 / All) jakovia: GARBAGE
(21:29 / All) astro-rod.: babies i swear
(21:36 / All) AToastToMisery: That was a fast ballad of ragequits
(22:25 / All) AToastToMisery: I never have enough gold on this map
(24:57 / All) AToastToMisery: your team sucks wow
(25:23 / All) TGKAA: we r intentionally attacking a strong position without siege cause your dead no matter bro
(25:29 / All) AToastToMisery: lawl
(25:39 / All) AToastToMisery: Yeah it's intentional, okay brother
(25:45 / All) AToastToMisery: Whatever you want to believe to make yourself feel better
(25:52 / All) TGKAA: dude pink is killing team
(26:04 / All) AToastToMisery: I noticed!
(26:08 / All) AToastToMisery: I thought it was over no matter what?
(26:10 / All) AToastToMisery: What's wrong pal?
(26:19 / All) astro-rod.: hail george w bush
(26:41 / All) AToastToMisery: Wow, all crybabies this game instant leaving
(27:10 / All) astro-rod.: say that in all chat blue
(27:23 / All) AToastToMisery: Yeah I want to hear
(28:47 / All) astro-rod.: blue, do you feel anxious in public
(28:54 / All) astro-rod.: nausia?
(28:59 / All) astro-rod.: twitching?
(29:19 / All) AToastToMisery: Jacob are you a infomercial salesman now or what is going on in your side?
(29:48 / All) astro-rod.: blue is pretending to be afk
(30:00 / All) AToastToMisery: How typical
(30:21 / All) astro-rod.: "u must be trapt"
(30:24 / All) astro-rod.: what does that evne mean
(30:34 / All) AToastToMisery: He's implying you're in your mother's basement
(30:45 / All) B0OT_LanDer: lol u know
(30:49 / All) AToastToMisery: Alas you live above ground and are not such a treacherous knave as to live beneath many humans
(30:57 / All) AToastToMisery: Instead you are among them as a predator, a beast of prey
(30:59 / All) astro-rod.: i aint a dwarf blue
(31:02 / All) astro-rod.: im 5'11
(31:07 / All) astro-rod.: 290 pound
(31:55 / All) astro-rod.: how does it feel blue
(32:00 / All) astro-rod.: to be so close to tasting victory
(32:02 / All) astro-rod.: yet so far away
(32:07 / All) B0OT_LanDer: it sounds bad for you
(32:14 / All) AToastToMisery: I like how that guy said there was no way to possibly lose and just left
(32:52 / All) B0OT_LanDer: lol
(33:12 / All) astro-rod.: im a pro blue i used to have a level 25 account
(33:24 / All) AToastToMisery: Is it even possible to get to level 50 anymore?
(33:37 / All) astro-rod.: i think there is alevel 45 rt on europe
(33:54 / All) astro-rod.: they just trade wins via disc hacking
(33:59 / All) AToastToMisery: lol
(34:02 / All) AToastToMisery: WC3 is so dead, it's sad
(34:24 / All) astro-rod.: i take pride in showing my dominance over others blue
(35:01 / All) astro-rod.: blue,
(35:04 / All) astro-rod.: i got a question
(35:17 / All) astro-rod.: if I had 3 apples and took away 2 apples, how many apples do i have left
(36:14 / All) astro-rod.: archmage vs bm battle?
(36:17 / All) astro-rod.: lets entertain blue
(36:24 / All) AToastToMisery: That would be very rigged in your favour
(36:29 / All) AToastToMisery: If I had a MK sure
(36:34 / All) astro-rod.: u can use items ic ant
(36:58 / All) AToastToMisery: I'll get that tower with goblin lab units
(37:39 / All) AToastToMisery: I have mh, saw you intercepting
(37:56 / All) astro-rod.: how can he see me blue
(38:04 / All) AToastToMisery: I'm a filthy CHEAT!
(38:45 / All) AToastToMisery: I cut your items bro
(38:46 / All) astro-rod.: ur faster than me
(38:50 / All) AToastToMisery: Latency hack helps
(39:02 / All) AToastToMisery: 125ms latency makes it way more fun
(39:11 / All) AToastToMisery: Latency delay should have been removed from being built in years ago
(39:21 / All) astro-rod.: u can attack it faster than me even though i know when ill drop it
(39:23 / All) AToastToMisery: Now this shredder shall end the game
(39:32 / All) AToastToMisery: I think latency hack makes that easy